 Dungeon Crawl Stone Soup version 0.25-a0-424-g80bd347ae0 (webtiles) character file.

Game seed: 17783951517541722808, levelgen mode: deterministic

6519 Kohma the Fighter (level 11, -1/108 HPs)
             Began as a Naga Venom Mage on Jan 23, 2020.
             Was a Priest of Cheibriados.
             Slain by a two-headed ogre
             ... wielding a +0 giant spiked club
              (13 damage)
             ... on level 9 of the Dungeon.
             The game lasted 00:36:42 (12315 turns).

Kohma the Fighter (Naga Venom Mage)                Turns: 12315, Time: 00:36:42

Health: -1/108     AC: 11    Str: 20    XL:     11   Next: 0%
Magic:  23/26      EV: 10    Int: 29    God:    Cheibriados [***...]
Gold:   71         SH:  5    Dex: 19    Spells: 8/18 levels left

rFire    + . .     SeeInvis +   a - +4 falchion
rCold    . . .     Gourm    .   F - +0 buckler
rNeg     . . .     Faith    .   s - +2 leather armour {rF+}
rPois    +         Spirit   .   (no helmet)
rElec    .         Reflect  .   (no cloak)
rCorr    .         Harm     .   m - +2 pair of gloves
MR       +....                  (no barding)
Stlth    ++........             (no amulet)
HPRegen  0.28/turn              u - +3 ring of intelligence
MPRegen  0.20/turn              r - ring of magical power

@: about to teleport, very slow
A: large, see invisible, deformed body, poison resistance, slowness 2, slow
metabolism 1, spit poison 1, AC +3
a: Spit Poison, Bend Time, Temporal Distortion, Renounce Religion


You were on level 9 of the Dungeon.
You worshipped Cheibriados.
Cheibriados was most pleased with you.
You were not hungry.

You visited 2 branches of the dungeon, and saw 10 of its levels.

You collected 465 gold pieces.
You spent 394 gold pieces at shops.

Inventory:

Hand Weapons
 a - a +4 falchion (weapon)
 b - a +4 whip of holy wrath
 l - a +4 battleaxe of freezing
 q - a +3 rapier of flaming
 C - a +2 hand crossbow of flaming
 D - a +1 scimitar of holy wrath
Missiles
 i - 2 javelins (quivered)
 E - 21 poisoned darts
Armour
 m - a +2 pair of gloves (worn)
 s - a +2 leather armour of fire resistance (worn)
 A - a +4 ring mail of poison resistance
 F - a +0 buckler (worn)
Magical Staves
 I - an uncursed staff of air
Jewellery
 e - an uncursed ring of fire
 r - a ring of magical power (right hand)
 u - a +3 ring of intelligence (left hand)
Wands
 g - a wand of flame (22)
 o - a wand of polymorph (20)
Scrolls
 d - 4 scrolls of teleportation
 k - 2 scrolls of identify
 n - a scroll of fog
 y - a scroll of enchant armour
 G - a scroll of magic mapping {unknown}
Potions
 f - 3 potions of brilliance
 h - 2 potions of flight
 j - 7 potions of curing
 p - a potion of agility
 t - 2 potions of resistance {unknown}
 v - a potion of degeneration {unknown}
 w - a potion of might
 x - a potion of magic {unknown}
 z - 2 potions of ambrosia
 H - a potion of mutation {unknown}
Miscellaneous
 B - a box of beasts
Comestibles
 c - 7 rations


   Skills:
 + Level 10.0 Fighting
 + Level 8.0 Armour
 - Level 1.5 Dodging
 - Level 3.0 Stealth
 - Level 2.4 Shields
 - Level 4.0 Spellcasting
 - Level 3.0 Conjurations
 - Level 1.0 Transmutations
 - Level 3.1 Air Magic
 - Level 8.0 Poison Magic


You had 8 spell levels left.
You knew the following spells:

 Your Spells              Type           Power        Failure   Level  Hunger
a - Sting                 Tmut/Pois      ####         1%          1    None
b - Poisonous Vapours     Pois/Air       #####.       1%          2    None
c - Mephitic Cloud        Conj/Pois/Air  ####....     3%          3    ##.....
d - Olgreb's Toxic Radia  Pois           ######..     3%          4    ####...

Your spell library contained the following spells:

 Spells                   Type           Power        Failure   Level  Hunger
 Ignite Poison            Fire/Tmut/Pois ###.....     7%          3    ##.....


Dungeon Overview and Level Annotations

Branches:
Dungeon (9/15)             Temple (1/1) D:7
   Lair: D:8-11         Orc: D:9-12

Altars:
Ashenzari
Cheibriados
Dithmenos
Elyvilon
Fedhas
Gozag
Hepliaklqana
Kikubaaqudgha
Makhleb
Nemelex Xobeh
Okawaru
Qazlal
Ru
Sif Muna
Trog
Uskayaw
Vehumet
Wu Jian
Xom
Yredelemnul
Zin
The Shining One

Shops:
D:4 !   D:5 (   D:8 [   D:9 *

Annotations:
D:4 2 runed translucent doors


Innate Abilities, Weirdness & Mutations

You cannot wear boots.
Your serpentine skin is tough. (AC +3)
You have supernaturally acute eyesight. (SInv)
Armour fits poorly on your strangely shaped body.
Your system is resistant to poisons. (rPois)
You cover ground very slowly.
You have a slow metabolism.
You can spit poison.


Message History

Confirm with . or Enter, or press ? or * to list all spells.
Aiming: Sting (safe; 1% risk of failure)
Press: ? - help, Shift-Dir - straight line, f/p - two-headed ogre
Aim: a two-headed ogre, wielding a +0 giant spiked club and a +0 giant club (lightly wounded, extremely poisoned)
The sting hits the two-headed ogre.
The two-headed ogre looks as sick as possible!
The two-headed ogre is moderately wounded.
The two-headed ogre hits you with a +0 giant spiked club!
The two-headed ogre hits you with a +0 giant club!!
* * * LOW HITPOINT WARNING * * *
You block the hound's attack. You block the hound's attack.
The two-headed ogre hits you but does no damage.
You block the two-headed ogre's attack. The jelly barely misses you.
As you read the scroll of teleportation, it crumbles to dust.
You feel strangely unstable.
The two-headed ogre hits you with a +0 giant spiked club!
* * * LOW HITPOINT WARNING * * *
The two-headed ogre hits you with a +0 giant club!
You die...

#.# #.#
#####'####
#.....(..#.......
#........#.......
#....)...#...!...
#........#.......
#........#.......
.
#......@.#5......
#
#......JO#.>.....
#......5h........
#.........#......
#........## #####
#........#
##########


You could see a two-headed ogre, a hound, a jelly and a quasit.

Vanquished Creatures
  A two-headed ogre (D:9)
  An ugly thing (D:7)
  2 hippogriffs
  Sigmund (D:6)
  4 fire bats (D:8)
  Eustachio (D:6)
  A hungry ghost (D:4)
  Menkaure (D:7)
  Edmund (D:6)
  Duvessa (D:7)
  A water moccasin (D:6)
  A hell hound (D:8)
  2 orc warriors
  A black bear (D:6)
  A sky beast (D:8)
  A phantom (D:4)
  4 ogres
  A necrophage (D:8)
  3 centaurs
  Blork the orc (D:6)
  A wyvern zombie (D:9)
  4 bullfrogs
  A gnoll sergeant (D:8)
  Dowan (D:7)
  3 scorpions
  9 wights
  4 howler monkeys
  2 lava snakes (D:8)
  2 crimson imps (D:5)
  A quasit (D:8)
  7 hounds
  2 orc wizards
  2 orc priests
  2 bullfrog skeletons (D:4)
  A centaur skeleton (D:8)
  3 iron imps (D:9)
  2 jellies
  Jessica (D:3)
  Terence (D:3)
  4 iguanas
  9 worker ants
  2 worker ant zombies
  8 gnolls
  10 adders
  A shadow imp (D:5)
  2 oozes
  An adder zombie (D:5)
  An adder skeleton (D:6)
  3 worms
  7 leopard geckos
  17 orcs
  3 ball pythons (D:4)
  5 bats
  3 giant cockroaches (D:1)
  4 goblins
  9 hobgoblins
  4 jackals (D:3)
  2 kobolds
  8 quokkas
  7 frilled lizards
  A leopard gecko zombie (D:8)
  2 quokka zombies
  5 rats
197 creatures vanquished.

Vanquished Creatures (others)
  A fire vortex (D:8)
1 creature vanquished.

Grand Total: 198 creatures vanquished

Notes
Turn   | Place    | Note
-------+----------+-------------------------------------------
     0 | D:1      | Kohma the Naga Venom Mage began the quest for the Orb.
     0 | D:1      | Reached XP level 1. HP: 15/15 MP: 3/3
   218 | D:1      | Reached XP level 2. HP: 22/22 MP: 3/5
   275 | D:1      | Learned a level 2 spell: Poisonous Vapours
   732 | D:1      | Reached skill level 5 in Poison Magic
   847 | D:1      | Reached XP level 3. HP: 28/28 MP: 3/6
  2152 | D:2      | Reached XP level 4. HP: 36/36 MP: 2/8
  2587 | D:3      | Noticed Terence
  2595 | D:3      | Killed Terence
  2653 | D:3      | Noticed Jessica
  2660 | D:3      | Killed Jessica
  2660 | D:3      | Reached XP level 5. HP: 40/42 MP: 0/9
  2827 | D:3      | Found an opulent altar of Gozag.
  3666 | D:4      | Reached XP level 6. HP: 45/49 MP: 6/11
  4001 | D:4      | Found Ydghaban's Distillery.
  4004 | D:4      | Bought a potion of might for 40 gold pieces
  4004 | D:4      | Bought a potion of ambrosia for 80 gold pieces
  4004 | D:4      | Bought a potion of curing for 30 gold pieces
  4046 | D:4      | Learned a level 3 spell: Mephitic Cloud
  4051 | D:4      | Learned a level 4 spell: Olgreb's Toxic Radiance
  4184 | D:4      | Noticed a hungry ghost
  4224 | D:4      | Paralysed by fainting for 5 turns
  4240 | D:4      | Killed a hungry ghost
  4240 | D:4      | Reached skill level 1 in Fighting
  4240 | D:4      | Reached skill level 1 in Conjurations
  4240 | D:4      | Reached skill level 1 in Air Magic
  4240 | D:4      | Reached XP level 7. HP: 28/57 MP: 13/13
  4568 | D:4      | Found a shattered altar of Ashenzari.
  4595 | D:4      | Found a large runed translucent door.
  4595 | D:4      | Found a large runed translucent door.
  4899 | D:4      | Found a large runed translucent door.
  4899 | D:4      | Found a large runed translucent door.
  4982 | D:4      | Reached skill level 2 in Fighting
  5341 | D:5      | Entered Level 5 of the Dungeon
  5517 | D:5      | Reached XP level 8. HP: 52/68 MP: 10/14
  5543 | D:5      | Reached skill level 3 in Fighting
  5635 | D:5      | Reached skill level 1 in Armour
  5781 | D:5      | Found Uskuocipp's Antique Weapon Shoppe.
  5801 | D:5      | Found a snail-covered altar of Cheibriados.
  5809 | D:5      | Became a worshipper of Cheibriados the Contemplative
  5860 | D:5      | Noticed a hippogriff
  5869 | D:5      | Killed a hippogriff
  5869 | D:5      | Reached skill level 4 in Fighting
  6708 | D:6      | Noticed Sigmund
  6732 | D:6      | Reached skill level 5 in Fighting
  6979 | D:6      | Noticed Edmund
  6981 | D:6      | Killed Sigmund
  6981 | D:6      | Reached XP level 9. HP: 76/81 MP: 12/15
  7004 | D:6      | Killed Edmund
  7132 | D:6      | Reached * piety under Cheibriados
  7132 | D:6      | Reached skill level 6 in Fighting
  7284 | D:6      | Noticed Eustachio
  7290 | D:6      | Killed Eustachio
  7487 | D:6      | Noticed Blork the orc
  7499 | D:6      | Killed Blork the orc
  7628 | D:6      | Found an iron altar of Okawaru.
  7630 | D:6      | Found a shimmering altar of Xom.
  7666 | D:7      | Noticed a green ugly thing
  7695 | D:7      | Killed a green ugly thing
  7695 | D:7      | Reached skill level 7 in Fighting
  7695 | D:7      | Reached skill level 5 in Armour
  7908 | D:7      | Found a stormy altar of Qazlal.
  7918 | D:7      | Noticed Menkaure
  7935 | D:7      | Killed Menkaure
  8004 | D:7      | Found a bloodstained altar of Trog.
  8462 | D:7      | Found a staircase to the Ecumenical Temple.
  8469 | Temple   | Entered the Ecumenical Temple
  8726 | D:7      | Found a hazy altar of Hepliaklqana.
  8805 | D:7      | Noticed Duvessa
  8805 | D:7      | Noticed Dowan
  8827 | D:7      | Killed Dowan
  8829 | D:7      | Killed Duvessa
  8829 | D:7      | Reached skill level 8 in Fighting
  8829 | D:7      | Reached XP level 10. HP: 90/96 MP: 4/16
  9465 | D:8      | Found an ornate altar of the Wu Jian Council.
  9632 | D:8      | Reached ** piety under Cheibriados
 10120 | D:8      | Found Edumuqym's Antique Armour Emporium.
 10197 | D:8      | Bought a faintly glowing robe for 188 gold pieces
 10207 | D:8      | Identified the cursed +1 robe "Yceolel" {*Corrode Str+3
                  | Int-2 Dex+8} (You bought it in a shop on level 8 of the
                  | Dungeon)
 10258 | D:8      | Reached skill level 9 in Fighting
 10275 | D:8      | Reached *** piety under Cheibriados
 10449 | D:8      | Reached skill level 1 in Shields
 11565 | D:9      | Found Doihiwn's Assorted Antiques.
 11565 | D:9      | Found a white marble altar of Elyvilon.
 11580 | D:9      | Found a radiant altar of Vehumet.
 11592 | D:9      | Bought a scroll labeled AQYADU BOSEMI for 28 gold pieces
 11592 | D:9      | Bought a scroll labeled DOINKY QUXIZEX for 28 gold pieces
 11601 | D:9      | Found a sacrificial altar of Ru.
 11731 | D:9      | Found a burning altar of Makhleb.
 11819 | D:9      | Noticed a two-headed ogre
 11829 | D:9      | HP: 1/99 [two-headed ogre/+0 giant club (18)]
 11833 | D:9      | Killed a two-headed ogre
 12142 | D:9      | Reached XP level 11. HP: 81/108 MP: 17/17
 12147 | D:9      | Reached skill level 10 in Fighting
 12307 | D:9      | Noticed a two-headed ogre
 12315 | D:9      | Slain by a two-headed ogre

Levels and vault maps discovered:
D:1:      grunt_arrival_lava_bath, layout_loops_ring, serial_forest,
          infiniplex_forest_lined_room_3, infiniplex_forest_clump_long,
          infiniplex_forest_straight_1, infiniplex_forest_straight_4,
          infiniplex_forest_clump_C, infiniplex_forest_lined_2,
          infiniplex_forest_end_2, infiniplex_forest_clump_tiny
D:2:      layout_basic, minmay_unequal
D:3:      layout_basic, nicolae_gozag_seed_capital, uniq_jessica, uniq_terence
D:4:      layout_cave_pools, lemuel_doored_altar, serial_shops, kennysheep_mini,
          minmay_hollow_rounded_squares
D:5:      layout_loops_ring, kennysheep_mini_moat, first_ration, serial_shops,
          shop, glass_columns_a
D:6:      layout_basic, chequers_temple_overflow_statue_of_worship, st_stairs_4,
          uniq_edmund, uniq_sigmund, uniq_eustachio, uniq_blork_the_orc
D:7:      layout_basic, lightli_temple_of_fire, lemuel_round_altar,
          grunt_qazlal_sundering, minmay_temple_entry_junction, uniq_duvessa,
          uniq_menkaure
D:8:      layout_loops_corners, kennysheep_little_box, serial_shops, shop,
          hangedman_incinerator
D:9:      layout_roguey, demons_altar, nicolae_ru_sacrificial_ziggurat,
          grunt_temple_overflow_open, serial_shops, nicolae_shop_trees
Temple:   jpeg_temple_island

Skill      XL: |  1  2  3  4  5  6  7  8  9 10 11 |
---------------+----------------------------------+-----
Poison Magic   | 5 6 7 8 |  8.0
Spellcasting   | 3 4 |  4.0
Fighting       | 1 2 5 8 9 10 | 10.0
Conjurations   | 1 2 3 |  3.0
Air Magic      | 1 3 |  3.1
Armour         | 3 6 8 |  8.0
Shields        | 2 |  2.4
Dodging        | |  1.5
Stealth        | |  3.0
Transmutations | |  1.0

Action                   |  1- 3 |  4- 6 |  7- 9 | 10-12 || total
-------------------------+-------+-------+-------+-------++-------
Melee: Dagger            |     6 |       |       |       ||     6
       Unarmed           |     2 |       |       |       ||     2
       Short sword       |    24 |    28 |       |       ||    52
       Trident           |       |    58 |   109 |       ||   167
       Rapier            |       |       |    34 |   112 ||   146
       Falchion          |       |       |       |    38 ||    38
       Whip              |       |       |       |    13 ||    13
 Cast: Sting             |    37 |    70 |   206 |    84 ||   397
       Poisonous Vapours |    16 |    14 |    38 |    16 ||    84
       Mephitic Cloud    |       |       |     6 |     4 ||    10
       Olgreb's Toxic Ra |       |       |     1 |     1 ||     2
 Abil: Spit Poison       |     1 |       |       |       ||     1
  Use: Potion            |       |     1 |     2 |     2 ||     5
       Scroll            |       |       |    16 |     9 ||    25
 Stab: Sleeping          |       |       |     1 |     2 ||     3
       Confused          |       |       |       |     1 ||     1
  Eat: Chunk             |     4 |    11 |     6 |     4 ||    25
       Ration            |       |     2 |     1 |     1 ||     4
Armor: Robe              |     9 |    41 |    19 |       ||    69
       Skin              |       |     1 |       |       ||     1
       Ring mail         |       |       |   153 |    87 ||   240
       Leather armour    |       |       |       |    54 ||    54
Dodge: Dodged            |    22 |    56 |   161 |   128 ||   367
Block: Buckler           |       |       |       |    25 ||    25
       Rpst.: Falchion   |       |       |       |     6 ||     6

Table legend:
 A = Non-vault XP
 B = Vault XP
 C = Vault XP percentage of total XP
 D = Non-vault monster count
 E = Vault monster count
 F = Vault count percentage of total count
                 A         B        C        D         E       F
            +---------+---------+-------+---------+---------+-------
      Total |    6494 |    2820 |  30.3 |     165 |      32 |  16.2
            +---------+---------+-------+---------+---------+-------
        D:1 |      41 |       0 |   0.0 |      18 |       0 |   0.0
        D:2 |      57 |       3 |   5.0 |      16 |       1 |   5.9
        D:3 |     112 |      73 |  39.5 |      24 |       2 |   7.7
        D:4 |     449 |     330 |  42.4 |      16 |       9 |  36.0
        D:5 |     745 |       0 |   0.0 |      23 |       0 |   0.0
        D:6 |     571 |     879 |  60.6 |      11 |       7 |  38.9
        D:7 |    1104 |     391 |  26.2 |       9 |       3 |  25.0
        D:8 |    1866 |    1026 |  35.5 |      35 |       7 |  16.7
        D:9 |    1549 |     118 |   7.1 |      13 |       3 |  18.8
            +---------+---------+-------+---------+---------+-------
